 Dungeon Crawl Stone Soup version 0.31.0-12-g77e489cdc1 (webtiles) character file.

Game seed: 14081947375083400483

2121 Maffolandro the Covert (level 9, -6/75 HPs)
             Began as an Armataur Hedge Wizard on Feb 18, 2024.
             Was a Follower of Dithmenos.
             Mangled by a wyvern (11 damage)
             ... on level 7 of the Dungeon.
             The game lasted 00:34:41 (7093 turns).

Maffolandro the Covert (Armataur Hedge Wizard)      Turns: 7093, Time: 00:34:42

Health: -6/75      AC:  5    Str: 16    XL:     9   Next: 8%
Magic:  11/13      EV: 10    Int: 17    God:    Dithmenos [*.....]
Gold:   334        SH:  0    Dex: 11    Spells: 5/13 levels left

rFire   + . .        b - +3 flail
rCold   . . .        (no shield)
rNeg    . . .        N - +0 robe {rF+}
rPois   .            E - +0 helmet
rElec   .            c - scarf {+Inv}
rCorr   .            (no gloves)
SInv    .            (no barding)
Will    .....        y - amulet of magic regeneration
Stlth   +++++        o - ring of wizardry
HPRegen 0.32/turn    (no ring)
MPRegen 0.53/turn

%: roll, wizardry (x1)
@: wreathed by umbra, inugami summoned
A: large, deformed body, tough skin 3, armoured tail, roll 2
a: Renounce Religion, Evoke Invisibility


You were on level 7 of the Dungeon.
You worshipped Dithmenos.
Dithmenos was aware of your devotion.
You visited 2 branches of the dungeon, and saw 8 of its levels.

You collected 334 gold pieces.

Inventory:

Hand Weapons
 a - a +2 rapier of venom
 b - a +3 flail (weapon)
 f - a +0 sling
 l - a +0 dagger
 w - a +1 hand axe of flaming
 x - a +0 longbow
 H - a +0 orcbow
Missiles
 h - 7 poisoned darts
 s - a throwing net
Armour
 c - a scarf of invisibility (worn)
 j - a +0 scale mail
 E - a +0 helmet (worn)
 N - a +0 robe of fire resistance (worn)
Jewellery
 o - a ring of wizardry (left hand)
 y - an amulet of magic regeneration (around neck)
 G - a ring of ice
 K - a ring of fire
 O - an amulet of faith
Wands
 t - a wand of roots (15)
 C - a wand of polymorph (6)
 J - a wand of flame (28)
Scrolls
 g - 2 scrolls of blinking {unknown}
 i - a scroll of fear {unknown}
 m - 4 scrolls of identify {unknown}
 n - 3 scrolls of amnesia {unknown}
 p - 3 scrolls of silence {unknown}
 q - 2 scrolls of poison {unknown}
 r - 6 scrolls of noise {unknown}
 I - 2 scrolls of fog {unknown}
 L - a scroll of immolation {unknown}
 M - 3 scrolls of enchant weapon {unknown}
Potions
 d - a potion of magic
 e - 4 potions of curing {unknown}
 k - a potion of enlightenment {unknown}
 u - a potion of lignification {unknown}
 v - 2 potions of brilliance {unknown}
 z - 2 potions of might {unknown}
 A - 2 potions of ambrosia {unknown}
 B - 2 potions of mutation {unknown}
 D - a potion of berserk rage {unknown}
 F - a potion of haste {unknown}


   Skills:
 + Level 6.0 Fighting
 - Level 2.0 Dodging
 * Level 11.4 Stealth
 - Level 2.6 Spellcasting
 - Level 0.8 Conjurations
 - Level 2.0 Summonings
 - Level 1.0 Translocations


You had 5 spell levels left.
You knew the following spells:

 Your Spells              Type           Power      Damage    Failure   Level
a - Magic Dart            Conj           20%        1d4       5%          1
b - Call Imp              Summ           18%        N/A       4%          2
c - Blink                 Tloc           10%        N/A       8%          2
d - Call Canine Familiar  Summ           9%         N/A       10%         3

Your spell library contained the following spells:

 Spells                   Type           Power      Damage    Failure   Level
 Slow                     Hex            8%         N/A       8%          1
 Lesser Beckoning         Tloc           10%        N/A       8%          2
 Momentum Strike          Conj/Tloc      10%        3d8       8%          2
 Cigotuvi's Dreadful Rot  Necr/Alch/Air  4%         N/A       11%         2
 Sublimation of Blood     Necr           2%         N/A       11%         2
 Summon Ice Beast         Ice/Summ       5%         N/A       14%         3
 Dazzling Flash           Conj/Hex       6%         N/A       17%         3
 Volatile Blastmotes      Fire/Tloc      6%         2d10      17%         3
 Mephitic Cloud           Conj/Alch/Air  3%         N/A       19%         3
 Sigil of Binding         Hex            2%         N/A       21%         3
 Dimensional Bullseye     Hex/Tloc       1%         N/A       47%         4
 Summon Mana Viper        Hex/Summ       5%         N/A       75%         5
 Starburst                Conj/Fire      1%         6d3       100%        6
 Monstrous Menagerie      Summ           4%         N/A       100%        7
 Summon Hydra             Summ           4%         N/A       100%        7
 Maxwell's Capacitive Co  Air            1%         ∞         100%        8


Dungeon Overview and Level Annotations

Branches:
Dungeon (7/15)             Temple (1/1) D:6

Altars:
Dithmenos
Fedhas
Hepliaklqana
Kikubaaqudgha
Makhleb
Nemelex Xobeh
Okawaru
Ru
Sif Muna
Uskayaw
Yredelemnul
Zin
The Shining One

Shops:
D:5 =

Annotations:
D:3 1 runed translucent door, pittasak's ghost, amateur OpEE
D:5 exclusions: 2 iguanas, orc priest, two-headed ogre and water moccasin, Sigmund
D:7 Jeremiah


Innate Abilities, Weirdness & Mutations

Armour fits poorly on your strangely shaped body.
You have extremely tough skin. (AC +3)
You have a long armoured tail.
You regenerate magic and health when rolling toward enemies. (Rampage Regen)


Message History

Casting: Call Canine Familiar (dangerous; 10% risk of failure)
Confirm with . or Enter, or press ? or * to list all spells.
You blink.
Your inugami hits the wyvern but does no damage.
Unknown command.
Casting: Blink (safe; 8% risk of failure)
Confirm with . or Enter, or press ? or * to list all spells.
A tiny devil pulls itself out of the air.
Unknown command.
The wyvern barely misses you. The wyvern bites you!
* * * LOW HITPOINT WARNING * * *
Your inugami barely misses the wyvern.
Your cerulean imp hits the wyvern but does no damage.
You feel ready to blink again.
The wyvern completely misses your cerulean imp.
Your cerulean imp hits the wyvern but does no damage.
Your inugami hits the wyvern but does no damage.
Unknown command.
The wyvern bites your cerulean imp. x2; Your inugami closely misses the wyvern.
Your cerulean imp barely misses the wyvern.
The wyvern bites your cerulean imp!!
Your cerulean imp dies!
Your cerulean imp disappears in a puff of smoke!
Your inugami hits the wyvern.
Casting: Call Imp (safe; 4% risk of failure)
Confirm with . or Enter, or press ? or * to list all spells.
A tiny devil pulls itself out of the air.
Unknown command.
The wyvern closely misses your cerulean imp.
Your cerulean imp closely misses the wyvern.
The wyvern bites your cerulean imp! x2
Your cerulean imp dies!
Your cerulean imp disappears in a puff of smoke!
Your inugami hits the wyvern.
Casting: Call Imp (safe; 4% risk of failure)
Confirm with . or Enter, or press ? or * to list all spells.
A tiny devil pulls itself out of the air.
Unknown command.
The wyvern bites you!
You die...

###.##.#....### ##..#.
#........))...######....
.....##.....####..##.......
..# ###.)).####.........#
##............###...##
............#........##
####...#h.######.#.#.##
#..5.§.# ###.#.# #..@k..#
#.#.## #......# ..#..#
#....#.# .###..
.......##..# #. ###
...#...###.# #. # ....#...#
.. # ... ##### #.. .. ##.
..


You could see a wyvern (ally target), a friendly cerulean imp (summoned) and a
friendly inugami (summoned).

Vanquished Creatures
  An orc warrior (D:7)
  3 black bears
  2 centaurs
  A nameless horror (D:7)
  2 bullfrogs (D:7)
  A gnoll sergeant (D:7)
  3 scorpions
  2 wights
  A howler monkey (D:4)
  4 hounds
  4 orc priests
  A bombardier beetle (D:3)
  2 jellies (D:5)
  An iguana (D:6)
  A sleepcap (D:5)
  An orc wizard (D:7)
  2 gnolls (D:7)
  3 adders
  A white imp (D:6)
  2 ufetubi (D:6)
  3 dart slugs
  10 orcs
  3 ball pythons
  6 bats
  3 endoplasms
  4 giant cockroaches
  7 goblins
  6 hobgoblins
  7 jackals
  5 kobolds
  3 quokkas
  2 frilled lizards
  4 rats (D:1)
101 creatures vanquished.

Vanquished Creatures (collateral kills)
  2 sky beasts (D:7)
  A phantom (D:4)
  A kobold brigand (D:7)
  A bullfrog (D:7)
  A hound (D:5)
  A jelly (D:4)
  2 orc wizards (D:7)
  A gnoll (D:7)
  An adder (D:3)
  A shadow imp (D:6)
  An orc (D:7)
  An endoplasm (D:4)
  A goblin (D:1)
  A hobgoblin (D:2)
  3 jackals
  A quokka (D:1)
  A ball python (D:1)
  A bat (D:1)
  3 kobolds
25 creatures vanquished.

Grand Total: 126 creatures vanquished

Notes
Turn   | Place    | Note
-------+----------+-------------------------------------------
     0 | D:1      | Maffolandro the Armataur Hedge Wizard began the quest for
                  | the Orb.
     0 | D:1      | Reached XP level 1. HP: 14/14 MP: 4/4
    35 | D:1      | Reached skill level 1 in Summonings
   320 | D:1      | You fall into a shaft and drop 1 floor!
   340 | D:2      | Reached XP level 2. HP: 20/20 MP: 2/5
   344 | D:2      | Learned a level 2 spell: Call Imp
   558 | D:1      | Found a faded altar of an unknown god.
   632 | D:1      | Reached skill level 3 in Stealth
   721 | D:1      | Reached XP level 3. HP: 26/26 MP: 7/7
  1767 | D:3      | Found a runed translucent door.
  1823 | D:3      | Noticed pittasak's ghost (amateur OpEE)
  1970 | D:3      | Found a glowing golden altar of the Shining One.
  2103 | D:3      | Learned a level 2 spell: Blink
  2114 | D:3      | Reached skill level 1 in Fighting
  2127 | D:3      | Found a basalt altar of Yredelemnul.
  2297 | D:3      | Reached skill level 4 in Stealth
  2297 | D:3      | Reached XP level 4. HP: 35/35 MP: 5/8
  2631 | D:4      | Found a hide-covered altar of Uskayaw.
  2646 | D:4      | Found a sparkling altar of Nemelex Xobeh.
  2771 | D:4      | Reached XP level 5. HP: 41/41 MP: 9/9
  2886 | D:4      | Reached skill level 5 in Stealth
  2945 | D:4      | Noticed a phantom
  3024 | D:4      | Killed a phantom
  3161 | D:4      | Reached skill level 6 in Stealth
  3161 | D:4      | Reached XP level 6. HP: 42/50 MP: 10/10
  3428 | D:5      | Entered Level 5 of the Dungeon
  3454 | D:5      | Noticed a water moccasin
  3807 | D:5      | Reached skill level 7 in Stealth
  3841 | D:5      | Noticed Sigmund
  3879 | D:5      | Gained mutation: You regenerate magic and health when
                  | rolling toward enemies. (Rampage Regen) [Armataur growth]
  3879 | D:5      | Reached XP level 7. HP: 48/57 MP: 11/11
  4033 | D:5      | Noticed a two-headed ogre
  4052 | D:5      | Found Waedaewo's Jewellery Emporium.
  4844 | D:6      | Reached skill level 8 in Stealth
  4857 | D:6      | Found a staircase to the Ecumenical Temple.
  4866 | Temple   | Entered the Ecumenical Temple
  4876 | Temple   | Became a worshipper of Dithmenos the Shadowed
  5112 | D:6      | Learned a level 3 spell: Call Canine Familiar
  5524 | D:6      | Reached skill level 9 in Stealth
  5524 | D:6      | Reached XP level 8. HP: 52/67 MP: 12/12
  5876 | D:7      | Noticed Jeremiah
  6145 | D:7      | Reached skill level 5 in Fighting
  6145 | D:7      | Reached skill level 10 in Stealth
  6285 | D:7      | Reached * piety under Dithmenos
  6389 | D:7      | Found an iron altar of Okawaru.
  6626 | D:6      | Reached skill level 11 in Stealth
  6967 | D:7      | Reached XP level 9. HP: 29/74 MP: 13/13
  7075 | D:7      | HP: 2/75 [wyvern (15)]
  7085 | D:7      | HP: 2/75 [wyvern (9)]
  7093 | D:7      | Mangled by a wyvern

Illustrated notes

Levels and vault maps discovered:
D:1:      lightli_arrival_maybe_door_vault, layout_rooms,
          hellmonk_ecumenical_altar_zigzags, dk_noncrumbling_2,
          kennysheep_small_spiral
D:2:      layout_loops_ring
D:3:      layout_basic, old_standard_altar, mainiacjoe_overflow_24_doors,
          ebering_ghost_reflecting_pool, kennysheep_generic_room_15
D:4:      layout_gridville, nemelex_xobeh_ov_fountains_minmay,
          mainiacjoe_overflow_six_doors_small
D:5:      layout_loops_ring, serial_shops, nicolae_diamond_shop,
          minmay_chambers_of_fives, uniq_sigmund
D:6:      layout_rooms, minmay_temple_entry_junction
D:7:      layout_rooms, okawaru_trees_2, nicolae_specific_store, uniq_jeremiah,
          uniq_joseph
Temple:   nicolae_temple_godpark

Skill      XL: |  1  2  3  4  5  6  7  8  9 |
---------------+----------------------------+-----
Summonings     | 1 2 |  2.0
Stealth        | 3 4 6 7 9 11 | 11.4
Fighting       | 1 2 3 4 5 6 |  6.0
Dodging        | 2 |  2.0
Spellcasting   | |  2.6
Conjurations   | |  0.8
Translocations | |  1.0

Action                     |  1- 3 |  4- 6 |  7- 9 || total
---------------------------+-------+-------+-------++-------
  Melee: Dagger            |    75 |       |       ||    75
         Tailslap          |     9 |    12 |    29 ||    50
         Rapier            |    68 |    85 |   132 ||   285
         Punch             |     1 |     1 |     1 ||     3
         Flail             |       |       |    32 ||    32
   Cast: Magic Dart        |    20 |     5 |       ||    25
         Call Imp          |    18 |    23 |    37 ||    78
         Blink             |       |     2 |     1 ||     3
         Call Canine Famil |       |       |    12 ||    12
   Stab: Sleeping          |     7 |     8 |     2 ||    17
         Distracted        |       |       |     2 ||     2
 Armour: Robe              |    92 |    82 |   194 ||   368
  Dodge: Dodged            |    68 |    45 |    95 ||   208
